[Event "Titled Tuesday Blitz November 14 Early 2023"]
[White "Nastase, Robert-Paul"]
[Black "LeoLV10"]
[WhiteFideId "1221175"]
[WhiteElo "2408"]
[BlackElo "2514"]
[Result "0-1"]
[Round "10"]
[TimeControl "180+1"]
[Date "2023.11.14"]
[WhiteClock "0:00:05"]
[BlackClock "0:00:05"]
[Board "103"]

1. a3 g6 2. h4 Bg7 3. h5 Nf6 4. h6 Bf8 5. d3 d5 6. Bg5 Nbd7 7. Nf3 c6 8. Nc3 e5 9. e4 d4 10. Ne2 Be7 11. g3 Qc7 12. Bh3 Nf8 13. c3 Bxh3 14. Rxh3 Qd7 15. Rh4 dxc3 16. Nxc3 Qc7 17. d4 exd4 18. Qxd4 Ne6 19. Qe3 O-O-O 20. Qxa7 Nxg5 21. Nxg5 Bd6 22. O-O-O Rhf8 23. f4 Nd7 24. Nxh7 Rfe8 25. Ng5 Nb8 26. h7 f6 27. h8=Q Rxh8 28. Ne6 Bxf4+ 29. Rxf4 Rxd1+ 30. Nxd1 Qe7 31. Nd4 g5 32. Rf1 Rd8 33. Nc3 Qe5 34. Rd1 Qxg3 35. Ne6 Rxd1+ 36. Nxd1 Qe5 37. Nc5 Qe7 38. Ne3 Qc7 39. Nf5 g4 40. Nxb7 Qf4+ 41. Kd1 Qf1+ 42. Kc2 Qe2+ 43. Kb3 Qd3+ 44. Ka4 Qb5# 0-1


[Site "https://www.chess.com"]

[Event "Titled Tuesday Blitz November 14 Early 2023"]
[White "Lehtosaari, Mauri"]
[Black "Hoffmann, Asa"]
[WhiteFideId "501999"]
[BlackFideId "2001470"]
[WhiteElo "2514"]
[BlackElo "2395"]
[Result "0-1"]
[Round "10"]
[TimeControl "180+1"]
[Date "2023.11.14"]
[WhiteClock "0:00:00"]
[BlackClock "0:00:24"]
[Board "104"]

1. d4 Nf6 2. Nf3 d6 3. Bg5 Nbd7 4. Nbd2 e5 5. e3 Be7 6. Bc4 e4 7. Ng1 d5 8. Bb3 c6 9. c4 O-O 10. Ne2 h6 11. Bh4 Re8 12. Nc3 Nb6 13. Bxf6 Bxf6 14. cxd5 cxd5 15. O-O Be6 16. Re1 Bg5 17. Nf1 Rc8 18. Rc1 Nc4 19. Qe2 a6 20. Ng3 b5 21. Nh5 Qd6 22. a4 g6 23. Ng3 Rb8 24. axb5 axb5 25. Ra1 h5 26. Nf1 Bg4 27. Qc2 h4 28. h3 Bf5 29. Qe2 Rec8 30. Nh2 Qe6 31. Rec1 Be7 32. Bd1 Bd6 33. Nf1 g5 34. Qh5 Be7 35. Qe2 Kg7 36. Ra7 Bf6 37. Qh5 Bg6 38. Qg4 Qxg4 39. Bxg4 Nxb2 40. Ne2 Rxc1 41. Nxc1 Nc4 42. Nb3 b4 43. Be6 Rd8 44. Rb7 Nd6 45. Rc7 Nb5 46. Rb7 Nc3 47. Nc5 Rd6 48. Bg4 Na2 49. Nd2 Bd8 50. Ndb3 Rb6 51. Rd7 Bf6 52. Ra7 Nc3 53. Nd7 Rd6 54. Ndc5 Rc6 55. Rb7 Bd8 56. Rxb4 Bb6 57. Rb5 f5 58. Bxf5 Bxf5 59. g3 Bxh3 60. gxh4 gxh4 61. Kh2 Bf5 62. Kg2 Rg6+ 63. Kh2 h3 64. Kh1 Bc7 65. Nb7 h2 0-1


[Site "https://www.chess.com"]

[Event "Titled Tuesday Blitz November 14 Early 2023"]
[White "Shubenkova, Veronika"]
[Black "VOneChess"]
[WhiteFideId "44124040"]
[WhiteElo "2510"]
[BlackElo "2352"]
[Result "1-0"]
[Round "10"]
[TimeControl "180+1"]
[Date "2023.11.14"]
[WhiteClock "0:00:22"]
[BlackClock "0:00:00"]
[Board "105"]

1. c4 e5 2. Nc3 Nc6 3. g3 f5 4. d3 Nf6 5. Bg2 Bb4 6. Bd2 O-O 7. a3 Bxc3 8. Bxc3 d5 9. cxd5 Nxd5 10. Qb3 Be6 11. Qxb7 Qd6 12. e4 fxe4 13. dxe4 Nxc3 14. bxc3 Qc5 15. Qb2 Rab8 16. Qd2 Rxf2 17. Qxf2 Qxc3+ 18. Qd2 Qxa1+ 19. Kf2 Rb2 20. Ne2 Rxd2 21. Rxa1 Nd4 22. Bf3 Bc4 23. Re1 Bxe2 24. Bxe2 Kf7 25. Ke3 Rxe2+ 26. Rxe2 Nxe2 27. Kxe2 Ke6 28. Kd3 Kd6 29. Kc4 a6 30. Kb4 c5+ 31. Kc4 Kc6 32. h3 h6 33. a4 g6 34. a5 Kd6 35. Kd3 Kc7 36. Kc3 Kc6 37. Kc4 Kd6 38. Kd3 h5 39. h4 1-0


[Site "https://www.chess.com"]

[Event "Titled Tuesday Blitz November 14 Early 2023"]
[White "elmusmolamas"]
[Black "Lebedev, Artem S."]
[BlackFideId "34272747"]
[WhiteElo "2510"]
[BlackElo "2351"]
[Result "0-1"]
[Round "10"]
[TimeControl "180+1"]
[Date "2023.11.14"]
[WhiteClock "0:00:40"]
[BlackClock "0:00:15"]
[Board "106"]

1. e4 e5 2. Nf3 Nc6 3. Bc4 Bc5 4. c3 Nf6 5. d4 exd4 6. e5 d5 7. Be2 Ne4 8. cxd4 Bb6 9. O-O O-O 10. Nc3 Bg4 11. Be3 f6 12. exf6 Rxf6 13. Qc2 Bxf3 14. Bxf3 Nxd4 15. Bxd4 Bxd4 16. Nxe4 dxe4 17. Bxe4 Qd6 18. Bxh7+ Kh8 19. Be4 Raf8 20. Bf3 Rh6 21. Rfd1 Qxh2+ 22. Kf1 Re6 23. g3 Rxf3 24. Rxd4 Qh1# 0-1


[Site "https://www.chess.com"]

[Event "Titled Tuesday Blitz November 14 Early 2023"]
[White "Cristi_Coca"]
[Black "Zivic, Dragan"]
[BlackFideId "904740"]
[WhiteElo "2509"]
[BlackElo "2347"]
[Result "1-0"]
[Round "10"]
[TimeControl "180+1"]
[Date "2023.11.14"]
[WhiteClock "0:02:39"]
[BlackClock "0:02:30"]
[Board "107"]

1. e4 c6 2. d4 d5 3. Nc3 dxe4 4. Nxe4 Bf5 5. Ng3 Bg6 6. N1e2 Nf6 7. Nf4 e5 8. dxe5 Qxd1+ 9. Kxd1 Ng4 10. Be3 Nxe5 11. Nxg6 hxg6 12. c3 Nbd7 13. Kc2 Bc5 14. Bxc5 Nxc5 15. Re1 1-0


[Site "https://www.chess.com"]

[Event "Titled Tuesday Blitz November 14 Early 2023"]
[White "Ruge, Edison"]
[Black "Rietze, Clemens, Dr."]
[WhiteFideId "4401000"]
[BlackFideId "24620351"]
[WhiteElo "2336"]
[BlackElo "2505"]
[Result "0-1"]
[Round "10"]
[TimeControl "180+1"]
[Date "2023.11.14"]
[WhiteClock "0:00:00"]
[BlackClock "0:00:33"]
[Board "108"]

1. e4 c5 2. Nc3 Nc6 3. f4 g6 4. Nf3 Bg7 5. Bb5 Nd4 6. O-O e6 7. e5 a6 8. Be2 d6 9. Ne4 Nxf3+ 10. Bxf3 dxe5 11. fxe5 Qd4+ 12. Kh1 Qxe5 13. d3 h6 14. Bd2 Qc7 15. Bc3 e5 16. b4 Ne7 17. Nxc5 O-O 18. Qe1 Rb8 19. Rd1 b6 20. Ne4 f5 21. Ng3 Be6 22. Ne2 Rbc8 23. Qg3 Bf7 24. d4 e4 25. Qxc7 Rxc7 26. Bxe4 fxe4 27. a4 Nd5 28. Be1 Rxc2 29. Ng3 Ne3 0-1


[Site "https://www.chess.com"]

[Event "Titled Tuesday Blitz November 14 Early 2023"]
[White "Erzhanov, Arman"]
[Black "Maect19"]
[WhiteFideId "4138821"]
[WhiteElo "2504"]
[BlackElo "2332"]
[Result "1-0"]
[Round "10"]
[TimeControl "180+1"]
[Date "2023.11.14"]
[WhiteClock "0:00:17"]
[BlackClock "0:00:28"]
[Board "109"]

1. e4 e5 2. Nf3 Nc6 3. Bb5 Nge7 4. O-O g6 5. d4 exd4 6. Nxd4 Bg7 7. Be3 O-O 8. Nc3 a6 9. Bc4 Na5 10. Be2 d5 11. exd5 Nxd5 12. Nxd5 Qxd5 13. Bf3 Qd8 14. c3 Nc4 15. Bc1 c6 16. b3 Nd6 17. Ba3 Re8 18. Nxc6 bxc6 19. Bxc6 Nb5 20. Bxe8 Qxe8 21. Bb2 Bb7 22. Rc1 Qc6 23. f3 Rc8 24. Rf2 Qb6 25. Qe1 Qa5 26. a4 Nd6 27. c4 Nf5 28. Qxa5 1-0


[Site "https://www.chess.com"]

[Event "Titled Tuesday Blitz November 14 Early 2023"]
[White "Belov, Alexei"]
[Black "Buscar, Michael"]
[WhiteFideId "4128206"]
[BlackFideId "2603616"]
[WhiteElo "2586"]
[BlackElo "2310"]
[Result "1/2-1/2"]
[Round "10"]
[TimeControl "180+1"]
[Date "2023.11.14"]
[WhiteClock "0:00:59"]
[BlackClock "0:02:00"]
[Board "111"]

1. e4 c5 2. Nf3 Nc6 3. d4 cxd4 4. Nxd4 Nf6 5. Nc3 e5 6. Ndb5 h6 7. Nd6+ Bxd6 8. Qxd6 Qe7 9. Qxe7+ Kxe7 10. Be3 Rd8 11. f3 d5 12. exd5 Nxd5 13. Nxd5+ Rxd5 14. Bc4 Rd8 15. c3 Be6 16. Bb5 f5 17. Ke2 Rac8 18. Rhd1 Rxd1 19. Kxd1 b6 20. Ke2 Na5 21. Kf2 Nc4 22. Bxc4 Rxc4 23. Rc1 Ra4 24. a3 Bb3 25. Re1 Kf6 26. Re2 Rc4 27. g3 Rc6 28. Rd2 Ke7 29. h4 Rd6 30. Ke1 Rxd2 31. Kxd2 h5 32. f4 e4 33. Bd4 g6 34. Ke3 Ke6 35. Be5 Kd5 36. Bb8 a6 37. Ba7 b5 38. Kd2 a5 39. Bb6 a4 40. Be3 Kc4 41. Bd4 1/2-1/2


[Site "https://www.chess.com"]

[Event "Titled Tuesday Blitz November 14 Early 2023"]
[White "KatakuriDono"]
[Black "HeroRubiksCube"]
[WhiteElo "2346"]
[BlackElo "2497"]
[Result "0-1"]
[Round "10"]
[TimeControl "180+1"]
[Date "2023.11.14"]
[WhiteClock "0:00:18"]
[BlackClock "0:00:29"]
[Board "112"]

1. d4 d5 2. c4 e5 3. dxe5 d4 4. Nf3 Nc6 5. g3 Nge7 6. Bg2 Ng6 7. O-O Ngxe5 8. Nxe5 Nxe5 9. Nd2 Be7 10. b3 O-O 11. Bb2 c5 12. Nf3 Nc6 13. a3 Qc7 14. Qc2 b6 15. b4 Bb7 16. b5 Nd8 17. a4 Bf6 18. a5 Re8 19. a6 Be4 20. Qd2 Ne6 21. Ne1 Bxg2 22. Nxg2 Rad8 23. Qd3 Ng5 24. Nf4 Qd7 25. Kg2 Be5 26. Nd5 Qh3+ 27. Kg1 h5 28. f4 h4 29. fxe5 Rxe5 30. Bc1 Rde8 31. Ra2 Ne4 32. Bf4 Rh5 33. Qf3 hxg3 34. Bxg3 Ng5 35. Qf2 Qg4 36. Ra3 Nh3+ 37. Kg2 Nxf2 38. Rxf2 Qe4+ 39. Raf3 Rf5 40. Bf4 Rxd5 41. cxd5 Qxd5 42. Bg3 c4 43. Kg1 Rxe2 44. Rxf7 Re1+ 45. Rf1 Rxf1+ 46. Rxf1 d3 0-1


[Site "https://www.chess.com"]

[Event "Titled Tuesday Blitz November 14 Early 2023"]
[White "Bogaudinov, Rushan"]
[Black "ATM622"]
[WhiteFideId "4129288"]
[WhiteElo "2342"]
[BlackElo "2421"]
[Result "0-1"]
[Round "10"]
[TimeControl "180+1"]
[Date "2023.11.14"]
[WhiteClock "0:00:23"]
[BlackClock "0:00:29"]
[Board "113"]

1. e4 c6 2. d4 d5 3. e5 Bf5 4. c4 e6 5. Nc3 h5 6. Nf3 Be7 7. Be3 Nh6 8. h3 Nd7 9. c5 g5 10. Bd3 Bxd3 11. Qxd3 Nf5 12. O-O-O Qa5 13. g4 Nh4 14. Nxg5 b6 15. gxh5 Rxh5 16. Nxe6 fxe6 17. cxb6 axb6 18. Rhg1 Qa6 19. Qc2 O-O-O 20. Rg7 Nf5 21. Rf7 Kb7 22. Ne2 Rf8 23. Rxe7 Nxe7 24. Nf4 Rxf4 25. Bxf4 Qc4 26. Be3 Qxc2+ 27. Kxc2 Rxh3 28. Rg1 Nf5 29. Kd3 c5 30. dxc5 Nxe5+ 31. Ke2 Nxe3 32. c6+ Kxc6 33. fxe3 Nc4 34. b3 Nxe3 35. Rc1+ Kd6 36. Rc8 Nf5 37. Kd2 Rh2+ 38. Kc3 d4+ 39. Kb4 Ne7 40. a4 Nxc8 0-1


[Site "https://www.chess.com"]

[Event "Titled Tuesday Blitz November 14 Early 2023"]
[White "Pasmendjambvirgulptipon98"]
[Black "Osinovsky, Stepan"]
[BlackFideId "4157354"]
[WhiteElo "2334"]
[BlackElo "2421"]
[Result "0-1"]
[Round "10"]
[TimeControl "180+1"]
[Date "2023.11.14"]
[WhiteClock "0:00:04"]
[BlackClock "0:00:09"]
[Board "114"]

1. c4 Nf6 2. Nc3 g6 3. Nf3 Bg7 4. g3 O-O 5. Bg2 d6 6. O-O e5 7. d3 Nc6 8. Bg5 h6 9. Bxf6 Qxf6 10. Nd5 Qd8 11. Rb1 Nd4 12. Nxd4 exd4 13. b4 c6 14. Nf4 Be5 15. Qd2 Qg5 16. b5 c5 17. h4 Bxf4 18. Qxf4 Qxf4 19. gxf4 Re8 20. Rfe1 Re7 21. e3 Bf5 22. exd4 Rae8 23. Rxe7 Rxe7 24. dxc5 dxc5 25. Rd1 b6 26. d4 cxd4 27. Rxd4 Re1+ 28. Kh2 Re2 29. Kg3 Rxa2 30. Rd8+ Kg7 31. Bd5 Ra3+ 32. f3 Kf6 33. Rh8 h5 34. Rf8 Be6 35. Bxe6 Kxe6 36. Re8+ Kd7 37. Rf8 Ke7 38. Rc8 Kf6 39. Rc6+ Kf5 40. Rc7 f6 41. Rd7 Ra4 42. Rd5+ Ke6 43. Rd4 Rb4 44. Re4+ Kf5 45. Rd4 Rb1 46. Rd7 Ra1 47. Rd5+ Ke6 48. Rd4 Rc1 49. Kf2 Rh1 50. Kg3 Rg1+ 51. Kf2 Rc1 52. Kg3 Rc2 53. Kh3 Ke7 54. Kg3 Rc3 55. Kf2 Ra3 56. Kg3 a5 57. bxa6 Rxa6 58. Rd5 Ra4 59. Rb5 Rxc4 60. Rxb6 Rc5 61. Rb7+ Ke6 62. Rb6+ Kf5 63. Rb4 Rd5 64. Ra4 Rb5 65. Rc4 Rb1 66. Rc5+ Ke6 67. Ra5 Rg1+ 68. Kf2 Rb1 69. Kg3 Rb3 70. Ra6+ Kf7 71. Ra7+ Kg8 72. Ra8+ Kg7 73. Ra7+ Kh6 74. Rf7 Rb6 75. f5 g5 76. hxg5+ fxg5 77. Re7 Rf6 78. Re6 Kg7 79. Re5 Kf7 80. f4 g4 81. Kh4 Rh6 82. Kg5 Rh8 83. Re1 g3 84. Kh4 Rg8 85. Rg1 Rg4+ 86. Kh3 Kf6 87. Rxg3 Rxf4 88. Ra3 Rxf5 89. Ra6+ Kg5 90. Ra8 Rf3+ 91. Kg2 Rb3 92. Rg8+ Kh4 93. Rg7 Rb2+ 94. Kh1 Kh3 95. Rg1 Rh2# 0-1


[Site "https://www.chess.com"]

[Event "Titled Tuesday Blitz November 14 Early 2023"]
[White "Spichkin, Alexander"]
[Black "Azali, Tannaz"]
[WhiteFideId "4144074"]
[BlackFideId "12537721"]
[WhiteElo "2315"]
[BlackElo "2387"]
[Result "1-0"]
[Round "10"]
[TimeControl "180+1"]
[Date "2023.11.14"]
[WhiteClock "0:00:08"]
[BlackClock "0:00:04"]
[Board "115"]

1. f4 d5 2. Nf3 c5 3. e3 Nc6 4. Bb5 Bd7 5. O-O e6 6. b3 Bd6 7. Bb2 Nf6 8. Bxc6 Bxc6 9. Ne5 Qc7 10. Rf3 O-O-O 11. Rg3 Rhg8 12. Nxc6 Qxc6 13. Rxg7 Rxg7 14. Bxf6 Rgg8 15. Bxd8 Kxd8 16. d4 cxd4 17. Qxd4 Qxc2 18. Nd2 Bc5 19. Qf6+ Ke8 20. Qe5 Rg6 21. f5 Rg5 22. Qb8+ Ke7 23. Qxb7+ Kf6 24. fxe6 Bxe3+ 25. Kh1 fxe6 26. Rf1+ Rf5 27. Rxf5+ Qxf5 28. Qc8 Bxd2 29. Qf8+ Ke5 30. Qg7+ Ke4 31. Qa1 Qf2 32. Qb1+ Ke5 33. h3 Be3 34. Kh2 Bf4+ 35. Kh1 Qg3 36. Qb2+ Kf5 37. Qc2+ Kf6 38. Kg1 Qh2+ 39. Kf1 Qh1+ 40. Kf2 Qc1 41. Qxh7 Qe3+ 42. Kf1 Qd3+ 43. Qxd3 1-0


[Site "https://www.chess.com"]

[Event "Titled Tuesday Blitz November 14 Early 2023"]
[White "Melikhov, Evgeny V."]
[Black "ilya2700"]
[WhiteFideId "4122046"]
[WhiteElo "2381"]
[BlackElo "2276"]
[Result "1-0"]
[Round "10"]
[TimeControl "180+1"]
[Date "2023.11.14"]
[WhiteClock "0:02:21"]
[BlackClock "0:00:34"]
[Board "116"]

1. d4 d5 2. Bg5 Nf6 3. Bxf6 exf6 4. Nd2 Be6 5. e3 Bd6 6. Bd3 O-O 7. Ndf3 c5 8. c3 Nc6 9. Ne2 Rc8 10. O-O Bg4 11. Nh4 cxd4 12. exd4 Bc7 13. Nf5 g5 14. Nh6+ 1-0


[Site "https://www.chess.com"]

[Event "Titled Tuesday Blitz November 14 Early 2023"]
[White "Skaric, Djuro"]
[Black "Sarkar, Justin"]
[WhiteFideId "934569"]
[BlackFideId "2010011"]
[WhiteElo "2368"]
[BlackElo "2259"]
[Result "1/2-1/2"]
[Round "10"]
[TimeControl "180+1"]
[Date "2023.11.14"]
[WhiteClock "0:00:38"]
[BlackClock "0:00:08"]
[Board "117"]

1. g3 Nf6 2. Bg2 e6 3. d3 d5 4. Nf3 c5 5. O-O Nc6 6. h3 Be7 7. Nc3 d4 8. Ne4 Nxe4 9. dxe4 e5 10. Ne1 O-O 11. f4 f5 12. exf5 Bxf5 13. e4 dxe3 14. Bxe3 exf4 15. Bxf4 Qb6 16. b3 Rad8 17. Qh5 Bg6 18. Qf3 Nd4 19. Qxb7 Qxb7 20. Bxb7 Nxc2 21. Nxc2 Bxc2 22. Rae1 Bf6 23. h4 Bd3 24. Rf3 c4 25. bxc4 Bxc4 26. Ra3 Bd5 27. Bxd5+ Rxd5 28. Re2 Bd4+ 29. Kg2 Bb6 30. Re7 Rf7 31. Re8+ Rf8 32. Rxf8+ Kxf8 33. Kf3 Kf7 34. Ke4 Rd4+ 35. Ke5 Rb4 36. Rd3 Bc7+ 37. Kf5 Bxf4 38. gxf4 Rb5+ 39. Kg4 Ra5 40. a3 h5+ 41. Kf3 Kf6 42. Rc3 Kf5 43. Ke3 g6 44. Kf3 Ra4 45. Rc5+ Kf6 46. Rc6+ Kf5 47. Rc5+ Kf6 48. Rc3 Kf5 49. Kg3 Kf6 50. Kf3 Kf5 1/2-1/2


[Site "https://www.chess.com"]

[Event "Titled Tuesday Blitz November 14 Early 2023"]
[White "Mejia, Cherry Ann"]
[Black "Ghosh, Chanchal Kumer"]
[WhiteFideId "5206880"]
[BlackFideId "10201858"]
[WhiteElo "2361"]
[BlackElo "2140"]
[Result "0-1"]
[Round "10"]
[TimeControl "180+1"]
[Date "2023.11.14"]
[WhiteClock "0:01:36"]
[BlackClock "0:01:44"]
[Board "118"]

1. e4 c6 2. d4 d5 3. Nd2 dxe4 4. Nxe4 Bf5 5. Ng3 Bg6 6. Nf3 h6 7. h4 e6 8. h5 Bh7 9. Bd3 Bxd3 10. Qxd3 Nf6 11. Bd2 Nbd7 12. O-O-O Be7 13. Ne4 Qc7 14. Kb1 O-O-O 15. c4 e5 16. Nxf6 Bxf6 17. d5 Kb8 18. d6 Qb6 19. Bc3 e4 20. Bxf6 exd3 21. Bxd8 Rxd8 22. Rxd3 Qxf2 23. Re1 Qxg2 24. Rb3 Nc5 0-1


[Site "https://www.chess.com"]

[Event "Titled Tuesday Blitz November 14 Early 2023"]
[White "Manon-og, Ramon Jr."]
[Black "Kleiman, Jake"]
[WhiteFideId "5200776"]
[BlackFideId "2020041"]
[WhiteElo "2331"]
[BlackElo "2590"]
[Result "0-1"]
[Round "10"]
[TimeControl "180+1"]
[Date "2023.11.14"]
[WhiteClock "0:00:06"]
[BlackClock "0:00:08"]
[Board "119"]

1. e4 h5 2. d4 h4 3. Nc3 d6 4. h3 g6 5. Nf3 c6 6. Bg5 Bg7 7. e5 Qa5 8. exd6 exd6 9. Qe2+ Be6 10. O-O-O Nf6 11. Bxf6 Bxf6 12. d5 cxd5 13. Nxd5 Bg7 14. Qb5+ Qxb5 15. Bxb5+ Kd8 16. Rhe1 Nc6 17. Kb1 Bd7 18. Ng5 Rf8 19. Ne4 Nd4 20. Bc4 Nf5 21. Ne3 Rc8 22. Bb3 Kc7 23. Nxf5 Bxf5 24. Nxd6 Rcd8 25. Re7+ Kc6 26. a4 Rxd6 27. Rde1 Be6 28. Re4 Bxb3 29. cxb3 a5 30. b4 Rd2 31. Re3 Rxb2+ 32. Kc1 Rxb4 33. Rc3+ Kb6 34. Rcc7 Ka6 35. Rxf7 Rxf7 36. Rxf7 Bh6+ 37. Kc2 Bf4 38. Rf6+ Ka7 39. Rxg6 Be5 40. g3 hxg3 41. fxg3 Rxa4 42. h4 Ra3 43. h5 Rxg3 44. Re6 Bd4 45. h6 Rh3 46. Kd2 a4 47. Kc2 a3 48. Kb1 Rh2 0-1


[Site "https://www.chess.com"]

[Event "Titled Tuesday Blitz November 14 Early 2023"]
[White "Fernandez Siles, Luis"]
[Black "Kochiev, Ivan"]
[WhiteFideId "2209420"]
[BlackFideId "2917890"]
[WhiteElo "2325"]
[BlackElo "2511"]
[Result "0-1"]
[Round "10"]
[TimeControl "180+1"]
[Date "2023.11.14"]
[WhiteClock "0:00:56"]
[BlackClock "0:01:29"]
[Board "120"]

1. e4 e5 2. Nf3 Nf6 3. Nc3 Nc6 4. Bc4 Bc5 5. d3 h6 6. h3 O-O 7. g4 Nh7 8. h4 d6 9. Rg1 Nd4 10. g5 g6 11. gxh6 Kh8 12. h5 gxh5 13. Ng5 Bg4 14. Rxg4 hxg4 15. Qxg4 Nxg5 16. Bxg5 Qxg5 17. Qxg5 Nf3+ 0-1


[Site "https://www.chess.com"]

[Event "Titled Tuesday Blitz November 14 Early 2023"]
[White "Mazurkiewicz, Michal"]
[Black "rikchessmx"]
[WhiteFideId "1124943"]
[WhiteElo "2428"]
[BlackElo "2321"]
[Result "1/2-1/2"]
[Round "10"]
[TimeControl "180+1"]
[Date "2023.11.14"]
[WhiteClock "0:00:05"]
[BlackClock "0:00:34"]
[Board "121"]

1. e4 c5 2. Nf3 e6 3. d3 a6 4. g3 b5 5. Bg2 Bb7 6. O-O d6 7. c3 Nd7 8. Re1 Ngf6 9. Nbd2 Qc7 10. d4 Be7 11. e5 Nd5 12. exd6 Bxd6 13. Ne4 Be7 14. a4 O-O 15. Qe2 c4 16. h4 h6 17. h5 N7f6 18. Ne5 Nxe4 19. Bxe4 Nf6 20. Bxb7 Qxb7 21. Ng4 Kh7 22. Bf4 Qd5 23. Be5 Nd7 24. Qc2+ Kg8 25. Ne3 Qc6 26. Bf4 Nf6 27. Qe2 Bd6 28. Bxd6 Qxd6 29. Ng4 Nxg4 30. Qxg4 Qd5 31. Re5 Qc6 32. Qe4 Qxe4 33. Rxe4 Rfb8 34. Re5 bxa4 35. Rxa4 Rxb2 36. Rxc4 Rb3 37. Rec5 a5 38. Ra4 Ra7 39. Kf1 Rab7 40. Raxa5 Rb2 41. Ra8+ Kh7 42. Rcc8 g6 43. Rh8+ Kg7 44. Rag8+ Kf6 45. hxg6 fxg6 46. Rxh6 Rc2 47. Rgxg6+ Kf5 48. Rf6+ Ke4 49. Rxe6+ Kd3 50. Re3+ Kc4 51. Rc6+ Kd5 52. Rc5+ Kd6 53. Kg2 Rbb2 54. Rf3 Re2 55. Rh5 Ke6 56. c4 Rbd2 57. d5+ Kd6 58. Rh6+ Ke5 59. Re6+ Kd4 60. Rxe2 Rxe2 61. d6 Kc5 62. d7 Rd2 63. Rf7 Rd6 64. g4 Kxc4 65. Kg3 Kd5 66. g5 Ke6 67. Rh7 Kf5 68. Rf7+ Kxg5 69. f4+ Kg6 70. Re7 Kf6 71. Rh7 Kg6 72. Re7 Kf6 73. Re5 Rxd7 74. Ra5 Rd3+ 75. Kg4 Rd1 76. Ra6+ Kf7 77. Kf5 Rd5+ 78. Ke4 Rb5 79. Rd6 Rb1 80. Rd5 Kf6 81. Rd6+ Kf7 82. Kf5 Rb5+ 83. Kg4 Ke7 84. Rh6 Kf7 85. Rh5 Rb1 86. Re5 Ra1 87. Kf5 Kg7 88. Re7+ Kf8 89. Rb7 Ra5+ 90. Kg6 Ra6+ 91. Kg5 Ra1 92. f5 Ra5 93. Rc7 Ra6 94. Rd7 Ke8 95. Rh7 Kf8 96. Rh6 Ra1 97. Rb6 Ra7 98. Kf6 Rf7+ 99. Kg6 Rg7+ 100. Kh6 Rc7 101. Kg6 Rg7+ 102. Kf6 Rf7+ 103. Ke6 Re7+ 104. Kf6 Rf7+ 1/2-1/2


[Site "https://www.chess.com"]

[Event "Titled Tuesday Blitz November 14 Early 2023"]
[White "Mazzilli, Piero"]
[Black "Mikhalsky, Vladimir"]
[WhiteFideId "807087"]
[BlackFideId "14144352"]
[WhiteElo "2314"]
[BlackElo "2418"]
[Result "0-1"]
[Round "10"]
[TimeControl "180+1"]
[Date "2023.11.14"]
[WhiteClock "0:00:00"]
[BlackClock "0:01:24"]
[Board "122"]

1. e4 g6 2. d4 Bg7 3. Nc3 d6 4. f4 Nf6 5. Nf3 c5 6. d5 O-O 7. Bc4 b5 8. Bxb5 Nxe4 9. Nxe4 Qa5+ 10. Nc3 Bxc3+ 11. bxc3 Qxb5 12. Be3 Ba6 13. Kf2 Nd7 14. Rb1 Qa4 15. Nd2 Nf6 16. Nb3 Qc4 17. Na5 Qxa2 18. Nc6 Rfe8 19. Ra1 Qc4 20. Rxa6 Qxa6 21. Qf3 Rac8 22. c4 Qxc4 23. Rd1 Nxd5 24. Rxd5 Rxc6 25. Rd2 Rb6 26. Re2 a5 27. f5 a4 28. f6 exf6 29. Qxf6 Qe6 30. Qf4 Rb4 31. g4 Rxf4+ 0-1


[Site "https://www.chess.com"]

[Event "Titled Tuesday Blitz November 14 Early 2023"]
[White "Suspenser17"]
[Black "Osmonbekov, Talaibek"]
[BlackFideId "2017253"]
[WhiteElo "2402"]
[BlackElo "2314"]
[Result "1-0"]
[Round "10"]
[TimeControl "180+1"]
[Date "2023.11.14"]
[WhiteClock "0:01:15"]
[BlackClock "0:00:00"]
[Board "123"]

1. e4 c5 2. c3 d5 3. exd5 Qxd5 4. Nf3 Nf6 5. Na3 Bf5 6. Bc4 Qe4+ 7. Be2 Nc6 8. O-O O-O-O 9. d3 Qd5 10. Qa4 Bxd3 11. Bxd3 Qxd3 12. Be3 e6 13. Rad1 Qa6 14. Rxd8+ Nxd8 15. Qxa6 bxa6 16. Rd1 Be7 17. Ne5 Nd5 18. Nac4 f6 19. Nd3 Nxe3 20. Nxe3 Kc7 21. Nf4 Bd6 22. Nh5 Rg8 23. Nc4 Be7 24. Nf4 g5 25. Nh5 Nc6 26. Re1 Kd7 27. g4 Rb8 28. Ng3 Ne5 29. Nxe5+ fxe5 30. b3 c4 31. b4 a5 32. a3 axb4 33. axb4 a5 34. bxa5 Rb3 35. a6 1-0


[Site "https://www.chess.com"]

[Event "Titled Tuesday Blitz November 14 Early 2023"]
[White "Marcziter, Dmitrii"]
[Black "Josgar05"]
[WhiteFideId "13900765"]
[WhiteElo "2401"]
[BlackElo "2309"]
[Result "1/2-1/2"]
[Round "10"]
[TimeControl "180+1"]
[Date "2023.11.14"]
[WhiteClock "0:00:12"]
[BlackClock "0:00:21"]
[Board "124"]

1. d4 g6 2. c4 Bg7 3. Nf3 d6 4. Nc3 e5 5. Bg5 Qd7 6. dxe5 dxe5 7. Qc2 c6 8. Rd1 Qc7 9. Ne4 Bf5 10. Rd8+ Qxd8 11. Bxd8 Kxd8 12. Nh4 Bxe4 13. Qxe4 Nd7 14. e3 Ngf6 15. Qc2 Kc7 16. Nf3 Rad8 17. Be2 Rhe8 18. O-O Nc5 19. Ng5 Rd7 20. b4 Ne6 21. Nxe6+ Rxe6 22. b5 Red6 23. Bf3 c5 24. b6+ axb6 25. Qa4 e4 26. Bd1 Ne8 27. Bc2 f5 28. f3 exf3 29. Rxf3 Nf6 30. h3 Rd2 31. Rf2 R2d6 32. Qa8 Rd8 33. Qa3 Bh6 34. e4 fxe4 35. Rxf6 Rxf6 36. Bxe4 Rd1+ 37. Kh2 Bf4+ 38. g3 Rd2+ 39. Bg2 Bd6 40. Qa8 Rff2 41. Qxb7+ Kd8 42. Qxb6+ Bc7 43. Qxc5 Rxg2+ 44. Kh1 Rge2 45. Qf8+ Kd7 46. Qf7+ Kc6 47. Qf1 Bxg3 48. Qf3+ Kc5 49. Qa3+ Kd4 50. Qa7+ Kd3 51. Qa3+ Kc2 52. Qb3+ Kc1 53. Qc3+ Kb1 54. Qb3+ Ka1 55. Qc3+ Rb2 56. Kg1 Be5 57. Qc1+ Rb1 58. Qxb1+ Kxb1 59. Kf1 Rxa2 60. c5 Rc2 61. h4 Bc7 62. h5 gxh5 63. c6 Kb2 64. Ke1 Kb3 65. Kd1 Kb4 66. Kxc2 Kc4 67. Kd2 Kd4 68. Ke2 Ke4 69. Kf2 Kf4 70. Kg2 Kg4 71. Kh1 Kh3 72. Kg1 h4 73. Kh1 h6 74. Kg1 Kg3 75. Kh1 h3 76. Kg1 Bb6+ 77. Kh1 Bc7 78. Kg1 Kh4 79. Kh1 Kg4 80. Kg1 h2+ 81. Kh1 Bd6 82. Kg2 Kh4 83. Kh1 Kh3 84. c7 Bxc7 1/2-1/2


[Site "https://www.chess.com"]

[Event "Titled Tuesday Blitz November 14 Early 2023"]
[White "Herman, Daniel"]
[Black "Tuleyeva-Aketayeva, Dana"]
[WhiteFideId "30935008"]
[BlackFideId "13701932"]
[WhiteElo "2401"]
[BlackElo "2305"]
[Result "1-0"]
[Round "10"]
[TimeControl "180+1"]
[Date "2023.11.14"]
[WhiteClock "0:00:14"]
[BlackClock "0:00:00"]
[Board "125"]

1. d4 Nf6 2. c4 e6 3. Nc3 Bb4 4. e3 O-O 5. Ne2 d5 6. a3 Be7 7. Nf4 dxc4 8. Bxc4 c5 9. O-O cxd4 10. exd4 Nc6 11. d5 exd5 12. Ncxd5 Nxd5 13. Nxd5 Bf6 14. Be3 Be6 15. Nxf6+ Qxf6 16. Bxe6 Qxe6 17. Rc1 Rfd8 18. Qa4 Qf6 19. b4 a6 20. Rfd1 Ne5 21. Rxd8+ Rxd8 22. Qa5 Re8 23. h3 Qg6 24. Qxe5 f6 25. Qd5+ Kh8 26. Rc7 h6 27. Qd7 Rg8 28. Rc8 Qb1+ 29. Kh2 Qb3 30. Rxg8+ Kxg8 31. Qxb7 Qxa3 32. Qd5+ Kh8 33. Bc5 Qc1 34. Qa8+ Kh7 35. Qxa6 Qf4+ 36. g3 Qf3 37. Qc4 h5 38. Qf4 1-0


[Site "https://www.chess.com"]